 Dungeon Crawl Stone Soup version 0.29.1-15-g9cfb28693d (webtiles) character file.

Game seed: 15706142205855787757

108 drjones the Slasher (level 4, -3/33 HPs)
             Began as a Merfolk Gladiator on Apr 9, 2023.
             Slain by a water moccasin (7 damage)
             ... on level 5 of the Dungeon.
             The game lasted 00:09:41 (3182 turns).

drjones the Slasher (Merfolk Gladiator)             Turns: 3182, Time: 00:09:42

Health: -3/33      AC:  9    Str: 14    XL:     4   Next: 87%
Magic:  4/4        EV: 10    Int:  7    God:
Gold:   172        SH:  0    Dex: 17    Spells: 3/3 levels left

rFire   + . .      SeeInvis .   a - +1 long sword
rCold   . . .      Faith    .   (no shield)
rNeg    + . .      Spirit   .   s - +0 scale mail
rPois   .          Reflect  .   c - +1 helmet
rElec   .          Harm     .   (no cloak)
rCorr   .          Rampage  .   k - +0 pair of gloves
Will    .....                   (no boots)
Stlth   ..........              (no amulet)
HPRegen 0.11/turn               n - ring of protection from fire
MPRegen 0.09/turn               v - ring of positive energy

@: weak-willed
A: (nimble swimmer 2), mertail
a: no special abilities


You were on level 5 of the Dungeon.
You visited 1 branch of the dungeon, and saw 5 of its levels.

You collected 172 gold pieces.

Inventory:

Hand Weapons
 a - a +1 long sword (weapon)
Missiles
 d - 3 throwing nets
 e - 3 javelins
 r - 6 atropa-tipped darts (quivered)
Armour
 b - a +0 leather armour
 c - a +1 helmet (worn)
 k - a +0 pair of gloves (worn)
 s - a +0 scale mail (worn)
Jewellery
 n - a ring of protection from fire (left hand)
 v - a ring of positive energy (right hand)
Wands
 g - a wand of flame (9)
Scrolls
 f - a scroll of torment
 u - a scroll of teleportation {unknown}
Potions
 h - a potion of haste {unknown}
 j - 2 potions of heal wounds {unknown}
 o - 2 potions of cancellation
 q - a potion of attraction {unknown}


   Skills:
 - Level 2.1 Fighting
 + Level 6.5 Long Blades
 - Level 2.0 Throwing
 - Level 4.0 Dodging


You had 3 spell levels left.
You didn't know any spells.
Your spell library contained the following spells:

 Spells                   Type           Power      Damage    Failure   Level
 Confusing Touch          Hex            0%         N/A       99%         3
 Stone Arrow              Conj/Erth      0%         3d7       99%         3
 Animate Armour           Summ/Erth      0%         N/A       100%        4
 Yara's Violent Unravell  Hex/Tmut       0%         3d3       100%        5
 Enfeeble                 Hex            0%         N/A       100%        7
 Lehudib's Crystal Spear  Conj/Erth      0%         10d2      100%        8


Dungeon Overview and Level Annotations

Branches:
Dungeon (5/15)
 Temple: D:4-7

Altars:
Xom

Shops:
D:4 (

Annotations:
D:4 Blork the orc, Dowan, Duvessa, Eustachio


Innate Abilities, Weirdness & Mutations

((You are very nimble when in or above water. (Stealth+, EV+, Speed+++)))
Your lower body shifts to a powerful aquatic tail in water.


Message History

The air fills with toxic fumes!
As you read the scroll labelled XIMUEM TUD GIW, it crumbles to dust.
It was a scroll of poison.
You feel sick. The water moccasin bites you.
The water moccasin bites you but does no damage.
You hit the water moccasin.
The water moccasin is lightly wounded.
You feel sick. The water moccasin misses you.
You hit the water moccasin but do no damage.
The water moccasin is lightly wounded.
You feel sick. The water moccasin closely misses you.
The water moccasin bites you but does no damage.
You closely miss the water moccasin.
The water moccasin is lightly wounded.
You feel sick. The water moccasin bites you.
You hit the water moccasin.
The water moccasin is lightly wounded.
You feel sick.
The water moccasin bites you but does no damage.
The water moccasin barely misses you.
You hit the water moccasin.
The water moccasin is moderately wounded.
You feel sick.
The water moccasin bites you but does no damage.
You miss the water moccasin.
The water moccasin is moderately wounded.
You feel sick.
You are no longer poisoned.
The water moccasin closely misses you.
Okay, then.
Really walk into that cloud of poison gas?
Okay, then.
As you read the scroll labelled BEFOZU FANN, it crumbles to dust.
It is a scroll of enchant weapon.
Your +0 long sword glows red for a moment.
The water moccasin barely misses you. The water moccasin bites you.
* * * LOW HITPOINT WARNING * * *
You barely miss the water moccasin.
The water moccasin is moderately wounded.
The water moccasin bites you!
You die...

.## §#. ...###
☼§. ## #....
#§# §§ #
#...##§###§# §○
#....#§#○§○#§§§
#§☼..#§#§°○§☼
#☼○§#§#§§##°§§
#§☼§§§@S☼§☼§§☼
#§#§☼###§○§§°#
#°§☼○.....§§☼§#
##§##....^.°§○#
#. #.#########
# #.# #.# #.#
.#


You could see a water moccasin (weak-willed).

Vanquished Creatures
  An orc priest (D:3)
  An adder (D:3)
  2 worms (D:2)
  2 dart slugs (D:1)
  4 orcs (D:3)
  6 ball pythons
  6 bats
  7 endoplasms
  3 giant cockroaches
  3 goblins (D:1)
  6 hobgoblins
  4 frilled lizards
  6 kobolds
  A rat (D:3)
52 creatures vanquished.

Vanquished Creatures (others)
  5 fungi (D:2)
  A plant (D:2)
6 creatures vanquished.

Grand Total: 58 creatures vanquished

Notes
Turn   | Place    | Note
-------+----------+-------------------------------------------
     0 | D:1      | drjones the Merfolk Gladiator began the quest for the Orb.
     0 | D:1      | Reached XP level 1. HP: 16/16 MP: 1/1
    94 | D:1      | Reached skill level 4 in Long Blades
   117 | D:1      | Reached XP level 2. HP: 22/22 MP: 2/2
   690 | D:1      | Reached skill level 5 in Long Blades
   690 | D:1      | Reached XP level 3. HP: 26/27 MP: 3/3
  1633 | D:2      | Found a faded altar of an unknown god.
  1965 | D:3      | Reached XP level 4. HP: 32/33 MP: 4/4
  2587 | D:3      | Reached skill level 6 in Long Blades
  2877 | D:4      | Noticed Blork the orc
  2877 | D:4      | Noticed Duvessa
  2877 | D:4      | Noticed Dowan
  2920 | D:4      | Found Fyvigep's Antique Weapon Boutique.
  3029 | D:4      | Found a shimmering altar of Xom.
  3063 | D:4      | Noticed Eustachio
  3105 | D:5      | Entered Level 5 of the Dungeon
  3167 | D:5      | Noticed a water moccasin
  3182 | D:5      | Slain by a water moccasin

Illustrated notes

Levels and vault maps discovered:
D:1:      matt_arrival_grand_opening, layout_basic
D:2:      layout_loops_cross, shapermc_ecumenical_altar_mp_urbaneastern
D:3:      layout_basic
D:4:      layout_loops_cross, overflow_temple_1_default, serial_shops,
          nicolae_diamond_shop, nicolae_shop_waterfront, nicolae_stop_n_shop_1,
          uniq_blork_the_orc, uniq_eustachio, uniq_robin, uniq_duvessa
D:5:      minmay_general_purpose_star, layout_basic,
          mainiacjoe_overflow_alcove_2, tgw_sif, jmf_multi_god_temple2,
          minmay_temple_entry_stoned_glass, chequers_arboretum

Skill      XL: |  1  2  3  4 |
---------------+-------------+-----
Long Blades    | 4 5 6 |  6.5
Fighting       | |  2.1
Throwing       | |  2.0
Dodging        | |  4.0

Action                   |  1- 3 |  4- 6 || total
-------------------------+-------+-------++-------
Melee: Long sword        |   118 |    69 ||   187
  Use: Scroll            |     7 |     6 ||    13
       Potion            |       |     3 ||     3
 Stab: Sleeping          |     3 |       ||     3
Armor: Leather armour    |    18 |       ||    18
       Scale mail        |       |    35 ||    35
Dodge: Dodged            |    69 |    41 ||   110
